Map: Backwater LE

Players

hutchyhutchy - Winner!

  • Race: Zerg Zerg
  • League: Platinum
  • Spawn Location: 5:00

norgon

  • Race: Terran Terran
  • League: Gold
  • Spawn Location: 11:00

VOD

Have the link to the VOD?

Description

Time

  • Played on: April 28, 2018, 7:18 p.m.
  • Length: 19:29
Show
View Real Time Build Order
Export as new Build Order

hutchyhutchy Zerg - Winner!

Build Orders: Hatch First, Swarm Host 

Get SALT Encoding   

  12  0:01  Drone  
  13  0:12  Overlord  
  13  0:17  Drone  
  14  0:30  Drone x2  
  14  0:34  Drone  
  17  0:53  Hatchery  
  16  0:57  Drone  
  16  0:58  Drone  
  16  1:01  Extractor  
  17  1:15  Spawning Pool  
  17  1:17  Drone  
  17  1:21  Drone  
  18  1:28  Drone  
  19  1:38  Overlord  
  19  1:50  Drone  
  20  2:03  Queen  
  20  2:05  Queen  
  20  2:07  Zergling x2  
  20  2:08  Zergling x2  
  26  2:17  Metabolic Boost  
  26  2:18  Drone x2  
  26  2:21  Drone  
  29  2:47  Drone  
  31  2:51  Drone x3  
  31  2:52  Hatchery  
  31  2:54  Overlord  
  32  3:00  Drone x2  
  32  3:05  Drone  
  35  3:09  Drone  
  36  3:15  Queen  
  36  3:18  Drone x2  
  40  3:30  Overlord, Drone  
  40  3:31  Overlord  
  40  3:32  Drone  
  40  3:33  Drone  
  43  3:45  Roach Warren  
  42  3:49  Drone x6  
  48  3:57  Queen  
  48  3:59  Drone  
  51  4:08  Lair  
  51  4:10  Drone x3  
  54  4:21  Queen  
  56  4:26  Overlord  
  56  4:27  Overlord x2  
  56  4:28  Drone x4  
  60  4:42  Overlord x2  
  60  4:51  Evolution Chamber  
  60  4:52  Evolution Chamber  
  58  4:59  Drone x11  
  68  5:01  Extractor  
  68  5:06  Extractor x2  
  68  5:07  Extractor  
  64  5:08  Extractor  
  63  5:16  Roach x4  
  63  5:20  Zerg Missile Weapons Level 1  
  63  5:21  Zerg Ground Armor Level 1  
  71  5:47  Drone x2  
  71  5:48  Drone  
  71  5:49  Glial Reconstitution  
  74  5:52  Overseer  
  74  5:54  Drone x6  
  79  6:00  Roach x8  
  79  6:01  Roach  
  97  6:05  Ravager x2  
  99  6:18  Ravager  
  100  6:19  Overlord x4  
  100  6:30  Overlord  
  100  6:31  Overlord x2  
  100  6:38  Roach x5  
  108  6:57  Ravager x4  
  108  6:58  Ravager x3  
  108  6:59  Overlord x4  
  115  7:05  Queen  
  115  7:06  Queen  
  119  7:15  Hatchery  
  118  7:28  Roach x3  
  118  7:29  Roach x15  
  154  7:34  Overseer  
  154  7:37  Zerg Missile Weapons Level 2  
  132  8:35  Drone x16  
  132  8:36  Drone x3  
  132  8:38  Zerg Ground Armor Level 2  
  151  8:44  Infestation Pit  
  151  8:46  Overlord x4  
  150  8:49  Hydralisk Den, Ravager x11  
  160  8:58  Queen  
  162  9:03  Extractor  
  162  9:04  Extractor, Spine Crawler  
  162  9:09  Spine Crawler  
  158  9:10  Spine Crawler  
  146  9:42  Grooved Spines  
  146  9:44  Hive  
  146  9:46  Swarm Host x3  
  146  9:47  Swarm Host x2  
  170  9:53  Burrow  
  170  10:06  Drone x3  
  170  10:07  Drone x5  
  178  10:14  Queen  
  180  10:33  Hatchery  
  179  10:48  Hydralisk  
  179  10:49  Hydralisk x9  
  199  10:53  Muscular Augments  
  199  11:26  Hatchery  
  198  11:54  Zerg Missile Weapons Level 3  
  198  11:55  Zerg Ground Armor Level 3  
  198  11:57  Spire  
  147  12:42  Spire  
  146  12:44  Hydralisk x5  
  146  12:45  Hydralisk x7  
  146  12:46  Hydralisk x2  
  146  12:47  Roach x5  
  146  12:48  Roach x7  
  198  13:12  Greater Spire  
  198  13:21  Ravager x2  
  197  14:15  Zerg Flyer Weapons Level 1  
  197  14:16  Corruptor x6  
  200  14:31  Nydus Network  
  199  14:33  Zerg Melee Weapons Level 1  
  165  15:44  Brood Lord  
  165  15:45  Brood Lord x5  
  165  15:49  Viper x5  
  192  16:17  Evolution Chamber x2  
  192  16:18  Evolution Chamber  
  189  16:19  Evolution Chamber, Extractor, Zerg Flyer Weapons Level 2  
  189  16:21  Extractor, Zerg Flyer Armor Level 1  
  186  16:29  Overseer  
  186  16:34  Evolution Chamber  
  185  17:07  Extractor  
  184  17:11  Spine Crawler  
  184  17:12  Extractor  
  184  17:13  Spine Crawler  
  181  17:45  Zergling x10  
  181  17:46  Zergling x28  
  182  18:28  Nydus Canal  
Show
View Real Time Build Order
Export as new Build Order

norgon Terran 

Build Orders: MMM Bio 

Get SALT Encoding   

  12  0:01  SCV  
  13  0:13  SCV  
  14  0:17  Supply Depot  
  14  0:25  SCV  
  15  0:39  SCV  
  15  0:42  Barracks  
  16  0:51  SCV  
  17  1:03  SCV  
  18  1:09  Refinery  
  18  1:15  SCV  
  19  1:27  SCV  
  19  1:29  Marine  
  19  1:31  Supply Depot  
  21  1:40  Orbital Command  
  21  1:53  Marine  
  22  2:01  Command Center  
  22  2:06  SCV  
  23  2:11  Reaper  
  24  2:18  SCV  
  25  2:28  Barracks  
  25  2:30  SCV  
  26  2:42  SCV  
  27  2:48  Reaper  
  27  3:10  Engineering Bay  
  27  3:11  SCV  
  27  3:12  Refinery  
  28  3:20  Marine  
  29  3:27  SCV  
  29  3:29  Barracks Tech Lab  
  29  3:34  Factory  
  29  3:39  SCV, Barracks  
  30  3:42  Orbital Command  
  30  3:45  Marine  
  31  3:51  SCV  
  31  3:54  Supply Depot  
  32  4:01  Marauder  
  34  4:03  Stimpack, SCV  
  35  4:12  Barracks Reactor  
  35  4:13  SCV  
  35  4:15  SCV  
  37  4:22  Factory Tech Lab  
  37  4:23  Marauder  
  39  4:29  Starport  
  39  4:32  SCV x2  
  39  4:35  Barracks Reactor  
  41  4:44  SCV x2  
  41  4:45  Marauder  
  45  4:54  Marine x2  
  45  4:56  SCV  
  45  4:57  SCV  
  49  5:06  Marine  
  49  5:09  Starport Reactor, SCV x2  
  49  5:11  Marine  
  52  5:14  Marine x2  
  54  5:22  Refinery  
  54  5:30  Marine x2, Marauder, SCV x2  
  54  5:32  Marine x2  
  62  5:36  Supply Depot  
  62  5:43  Refinery  
  62  5:53  Command Center  
  62  5:57  Marine, Siege Tank, SCV x2  
  62  5:58  Marauder  
  62  6:03  Supply Depot  
  70  6:08  Combat Shields  
  70  6:11  Terran Infantry Weapons Level 1  
  70  6:24  Marine x2  
  70  6:25  Marine x2, Marauder, SCV x2  
  78  6:27  Supply Depot, Medivac  
  80  6:37  SCV x2  
  80  6:42  Marine x3  
  80  6:46  Marauder  
  83  6:49  SCV  
  83  6:50  SCV  
  83  6:51  Marine  
  86  7:00  Marine x2, Medivac  
  86  7:01  Marine, Medivac, SCV  
  92  7:05  SCV  
  92  7:08  Marauder  
  97  7:09  Marine  
  97  7:11  Siege Tank  
  97  7:12  Barracks  
  101  7:22  SCV  
  102  7:26  SCV  
  102  7:29  Marauder, Supply Depot x2  
  105  7:30  Marine x2, Medivac  
  109  7:49  Planetary Fortress  
  109  7:50  Marine x4, SCV x2  
  109  7:51  Marauder  
  117  7:53  Siege Tank  
  120  8:02  SCV x2  
  119  8:08  Marine  
  119  8:12  Marauder  
  96  8:18  Marine x2, SCV  
  96  8:19  Marine x2  
  87  8:26  Marine  
  88  8:33  Marauder, Medivac x2  
  94  8:36  Marine x3  
  94  8:39  Command Center  
  97  8:42  SCV x2  
  97  8:43  SCV  
  100  8:49  Siege Tank  
  100  8:50  Refinery x2  
  100  8:51  Marine x2  
  100  8:54  Marine x3, SCV  
  100  8:55  Marauder, SCV x2  
  113  8:59  Terran Infantry Armor Level 1  
  113  9:00  Fusion Core  
  113  9:03  Medivac x2  
  113  9:08  Marine, SCV x3  
  122  9:12  Marine x2  
  122  9:14  Barracks Tech Lab  
  122  9:16  Marauder  
  125  9:21  SCV  
  125  9:22  Siege Tank  
  120  9:34  SCV x2  
  120  9:35  Marine x2, SCV  
  125  9:42  Marine x3, Marauder  
  125  9:44  Supply Depot  
  130  9:53  Marine x2  
  130  9:57  Starport  
  130  9:59  Marine  
  132  10:00  Marauder  
  132  10:04  Siege Tank  
  132  10:05  Medivac  
  132  10:06  Marine x2, Medivac  
  144  10:07  Supply Depot  
  144  10:10  Marine  
  144  10:11  SCV x2  
  144  10:12  SCV  
  148  10:15  Planetary Fortress  
  148  10:23  Marine, SCV  
  148  10:24  Marine x3, SCV  
  148  10:25  Marauder  
  156  10:34  Starport  
  156  10:37  Siege Tank  
  156  10:39  Starport Tech Lab  
  159  10:43  SCV x3  
  159  10:49  Supply Depot  
  162  10:51  Marine x2  
  162  10:53  Marine x3, Marauder  
  162  10:55  SCV  
  172  11:11  Battlecruiser  
  172  11:12  Marine, Supply Depot  
  172  11:13  Marine  
  180  11:19  Supply Depot  
  180  11:25  Marine x2  
  180  11:31  Supply Depot  
  180  11:33  Marine x2  
  180  11:34  Marauder, Siege Tank  
  180  11:35  Supply Depot  
  187  11:42  Supply Depot  
  187  11:52  Medivac  
  187  11:53  Marine x2, Medivac  
  187  11:54  Marine, Marauder, Supply Depot  
  127  12:31  SCV x2  
  127  12:32  Marine x4, SCV x2  
  127  12:33  Marine, Marauder  
  129  12:41  Starport Tech Lab  
  129  12:47  Battlecruiser  
  129  12:49  Medivac x2  
  129  12:50  Marine  
  142  12:51  Marauder  
  142  13:01  Battlecruiser  
  142  13:02  Marine x3  
  142  13:03  Marauder  
  153  13:09  Marine  
  153  13:12  Marine, Concussive Shells  
  155  13:19  Marine, Medivac  
  157  13:20  Marine x2, Armory  
  157  13:24  Marauder  
  162  13:32  Marine x2  
  164  13:34  Starport  
  164  13:37  Marine x2  
  164  13:38  Marine  
  167  13:41  SCV x2  
  167  13:42  SCV  
  167  13:46  Marauder  
  170  13:49  Marine  
  170  13:50  Marauder  
  167  14:00  Marine x3  
  170  14:07  Marauder, Marine  
  173  14:11  Marine  
  173  14:16  Battlecruiser x2  
  186  14:23  Marine x2  
  186  14:24  Marine  
  189  14:25  Marine  
  189  14:28  Marauder  
  189  14:29  Marauder  
  124  14:57  Marine x6  
  91  15:14  Marine  
  91  15:15  Marine  
  91  15:16  Marauder x2  
  91  15:20  Banshee x2  
  95  15:22  Marine x2  
  94  15:32  Marine  
  83  15:36  Marine  
  83  15:37  Marine, Marauder  
  83  15:39  Marine  
  83  15:40  SCV x3  
  83  15:42  Marine  
  91  15:46  Starport Tech Lab  
  91  15:49  Medivac x2  
  95  15:50  Marine  
  95  15:55  Marauder  
  98  16:02  Bunker, Command Center  
  98  16:03  Medivac  
  100  16:05  Supply Depot  
  100  16:07  SCV x3  
  103  16:17  Medivac  
  105  16:19  SCV  
  105  16:20  Battlecruiser  
  112  16:29  Marine x4  
  112  16:30  Marauder  
  118  16:33  Battlecruiser  
  118  16:37  Marine  
  125  16:47  Battlecruiser  
  125  16:51  Marauder  
  125  16:53  Marine x4  
  137  16:55  Marauder  
  139  17:05  Refinery  
  139  17:08  Refinery  
  139  17:11  Marine x3  
  139  17:13  Marauder  
  139  17:14  Planetary Fortress  
  144  17:28  Marine x2  
  146  17:30  Refinery  
  146  17:34  Marauder  
  148  17:44  Marine, Battlecruiser  
  154  17:45  Marine x2  
  154  17:46  Marauder  
  159  17:56  Refinery  
  144  18:16  Marine x4  
  144  18:17  Marine, Marauder  
  117  18:34  Marine x4  
  121  18:35  Marauder  
  119  18:55  Marine x5  
  99  18:56  Marine  
Tags
 
Add a new tag
Caveats
  • Supply blocks, unpowered buildings, or Contaminate may cause inaccurate times.
  • Supply counts are checked every 10 seconds.